[Event "Team 45 45 League T64"]
[Site "Internet Chess Club"]
[Date "2015.04.03"]
[Round "5"]
[White "Gojira"]
[Black "Greedy-Reedy"]
[Result "0-1"]
[WhiteElo "1743"]
[BlackElo "1936"]
[Opening "Queen's Indian defense"]
[ECO "A47"]
[Time "08:07:16"]
[TimeControl "2700+45"]

1. d4 Nf6 2. Nf3 b6 3. Bf4 Bb7 4. Nbd2 g6 5. h3 Bg7 6. e3 O-O 7. Be2 d6 8. O-O
Nbd7 9. Bh2 Re8 10. c4 e5 11. d5 a5 12. Qc2 Nc5 13. a3 a4 14. e4 Bc8 15. Ne1 Bd7
16. Nd3 Nfxe4 17. Nxe4 Nxe4 18. Kh1 f5 19. Rac1 f4 20. Rce1 Nf6 21. f3 Qc8 22.
Nb4 Nh5 23. Bd3 Qd8 24. Re2 Qh4 25. Bxg6 hxg6 26. Qxg6 Rf8 27. Nd3 Bf5 {White
resigns} 0-1

[Event "Team 45 45 League T64"]
[Site "Internet Chess Club"]
[Date "2015.04.07"]
[Round "5"]
[White "OperaDude94"]
[Black "az2112"]
[Result "0-1"]
[WhiteElo "1780"]
[BlackElo "1668"]
[Opening "Sicilian: Canal-Sokolsky attack, 3...Bd7"]
[ECO "B52"]
[Time "21:00:19"]
[TimeControl "2700+45"]

1. e4 c5 2. Nf3 d6 3. Bb5+ Bd7 4. Bxd7+ Qxd7 5. O-O Nc6 6. Re1 Nf6 7. e5 dxe5 8.
Nxe5 Nxe5 9. Rxe5 e6 10. b3 Qd4 11. Rxe6+ fxe6 12. Nc3 Ne4 13. Qe2 Nxc3 14.
Qxe6+ Be7 15. dxc3 Qd1+ {White resigns} 0-1

[Event "Team 45 45 League T64"]
[Site "Internet Chess Club"]
[Date "2015.04.03"]
[Round "5"]
[White "drsigmund1"]
[Black "Innes"]
[Result "0-1"]
[WhiteElo "1497"]
[BlackElo "1660"]
[Opening "Queen's pawn game"]
[ECO "A46"]
[Time "19:00:35"]
[TimeControl "2700+45"]

1. d4 Nf6 2. Nf3 e6 3. Bf4 d5 4. e3 b6 5. Bd3 Bb7 6. Nbd2 c5 7. c3 Nbd7 8. O-O
h6 9. h3 Be7 10. a4 a5 11. Ne5 Nxe5 12. dxe5 Nd7 13. Qg4 Bg5 14. Bg3 f5 15. Qh5+
Kf8 16. f4 Be7 17. Qg6 c4 18. Be2 Nc5 19. Bf2 Qe8 20. Qg3 g5 21. Qh2 Rg8 22. h4
gxf4 23. Qxf4 Qg6 24. g3 Nd3 25. Bxd3 cxd3 26. e4 dxe4 27. Kh2 Kg7 28. Bxb6 Rac8
29. Rg1 Kh7 30. Raf1 h5 31. Nb3 Bd8 32. Qe3 Qg4 33. Rf4 Bxb6 34. Qxb6 Qe2+ 35.
Kh3 Bd5 36. Nd4 Qe3 37. Rxf5 exf5 38. Qf6 Qxg1 39. Nxf5 Qh1# {White checkmated}
0-1

[Event "Team 45 45 League T64"]
[Site "Internet Chess Club"]
[Date "2015.04.02"]
[Round "5"]
[White "rookfish"]
[Black "dabodhi"]
[Result "0-1"]
[WhiteElo "1283"]
[BlackElo "1365"]
[Opening "French defense"]
[ECO "C01"]
[Time "20:02:25"]
[TimeControl "2700+45"]

1. e4 e6 2. d4 d5 3. c4 dxe4 4. Nc3 Nf6 5. Be3 c6 6. c5 Nd5 7. Nxd5 exd5 8. Ne2
Nd7 9. Nf4 b6 10. Be2 bxc5 11. dxc5 Qa5+ 12. Bd2 Qxc5 13. O-O Bd6 14. Rc1 Qb6
15. Be3 Qxb2 16. Bd4 Qb7 17. Bxg7 Rg8 18. Nh5 Be7 19. Qd2 Qc7 20. f4 Qd6 21. g3
Nf6 22. Nxf6+ Bxf6 23. Bxf6 Qxf6 24. Qa5 Bd7 25. Rb1 Qd4+ 26. Kh1 Bh3 27. Rfd1
Qf2 28. Rg1 Qxe2 29. Rb3 e3 30. Rxe3+ Qxe3 31. Re1 Qxe1+ 32. Qxe1+ Kd7 33. Qe5
Rae8 34. Qa1 Re2 35. Kg1 Rg2+ 36. Kh1 Re8 37. Qf1 Rxh2+ 38. Kg1 Bxf1 39. Kxh2
Re2+ 40. Kg1 Bh3 41. Kh1 d4 42. a4 d3 43. a5 d2 {White resigns} 0-1

[Event "Team 45 45 League T64"]
[Site "Internet Chess Club"]
[Date "2015.04.02"]
[Round "5"]
[White "ahxm"]
[Black "deepfort"]
[Result "1/2-1/2"]
[WhiteElo "1430"]
[BlackElo "1490"]
[Opening "Ruy Lopez: 5.O-O"]
[ECO "C78"]
[Time "23:00:36"]
[TimeControl "2700+45"]

1. e4 e5 2. Nf3 Nc6 3. Bb5 a6 4. Ba4 Nf6 5. O-O b5 6. Bb3 Be7 7. d3 O-O 8. Be3
d6 9. Nc3 Na5 10. h3 c5 11. Bd5 Nxd5 12. Nxd5 Be6 13. c4 f5 14. b3 Nc6 15. Re1
Bxd5 16. exd5 Nd4 17. Nxd4 cxd4 18. Bd2 bxc4 19. bxc4 Rb8 20. Rb1 Qe8 21. Rxb8
Qxb8 22. Qb1 Qc7 23. Bb4 Rb8 24. a3 a5 25. Qb2 axb4 26. axb4 Qb6 27. b5 Qc5 28.
Ra1 e4 29. Qd2 Bf6 30. Re1 Re8 31. Qe2 Re7 32. Kf1 Kf7 33. Qh5+ g6 34. Qxh7+ Bg7
35. Qh4 Qa3 36. dxe4 Qd3+ 37. Kg1 Qxc4 38. Qf4 Qxb5 39. Qxd6 d3 40. Qf4 Bc3 41.
Rd1 Rxe4 42. Qc7+ Re7 43. Qxc3 Qxd5 44. Qxd3 Qxd3 45. Rxd3 Kf6 {Game drawn by
mutual agreement} 1/2-1/2

[Event "Team 45 45 League T64"]
[Site "Internet Chess Club"]
[Date "2015.04.04"]
[Round "5"]
[White "Constrictor"]
[Black "anishio"]
[Result "0-1"]
[WhiteElo "1638"]
[BlackElo "1655"]
[Opening "Réti opening"]
[ECO "A05"]
[Time "22:07:52"]
[TimeControl "2700+45"]

1. Nf3 Nf6 2. b4 e6 3. b5 d5 4. e3 Bd6 5. Bb2 Bd7 6. Be2 c6 7. a4 a6 8. Nc3 Qb6
9. bxc6 Nxc6 10. Ba3 Bxa3 11. Rxa3 Qc5 12. Rb3 Na5 13. Rb2 Qd6 14. O-O O-O 15.
d4 Rac8 16. Qd2 Qa3 17. Nd1 Qxa4 18. Ne5 Ne4 19. Qc1 f6 20. Nxd7 Qxd7 21. Qa1
Nc4 22. Rb4 Ncd2 23. Re1 Rxc2 24. Bd3 Rcc8 25. Qb2 Nc4 26. Bxc4 dxc4 27. Rxb7
Qd5 28. Re2 c3 29. Qb6 c2 30. Rxc2 Rxc2 31. Qa7 Qg5 32. h4 Qg4 33. Qxa6 {White
resigns} 0-1

[Event "Team 45 45 League T64"]
[Site "Internet Chess Club"]
[Date "2015.04.05"]
[Round "5"]
[White "bhxm"]
[Black "elessar"]
[Result "0-1"]
[WhiteElo "1457"]
[BlackElo "1602"]
[Opening "Sicilian: Kan variation"]
[ECO "B41"]
[Time "12:30:53"]
[TimeControl "2700+45"]

1. e4 c5 2. Nf3 e6 3. d4 cxd4 4. Nxd4 a6 5. Be2 Nf6 6. Nc3 Qc7 7. O-O b5 8. a3
Bb7 9. f3 Bc5 10. Be3 e5 11. Nf5 g6 12. Bxc5 Qxc5+ 13. Kh1 gxf5 14. exf5 d5 15.
Nb1 O-O 16. Qd2 Kh8 17. Qh6 Nbd7 18. Qd2 Rac8 19. Qc3 Qxc3 20. Nxc3 d4 21. Ne4
Nxe4 22. fxe4 Rxc2 23. Bf3 Nf6 24. Rae1 Rfc8 25. h3 Rxb2 26. Rc1 Rbc2 27. Rxc2
Rxc2 28. Re1 d3 29. Rd1 d2 30. Kh2 Bxe4 31. Bxe4 Nxe4 32. Kg1 Rc1 33. Rxc1
dxc1=Q+ 34. Kh2 Qxa3 35. Kg1 Qg3 36. Kh1 b4 37. Kg1 b3 38. f6 b2 39. Kh1 b1=R#
{White checkmated} 0-1

[Event "Team 45 45 League T64"]
[Site "Internet Chess Club"]
[Date "2015.04.05"]
[Round "5"]
[White "Hal2001"]
[Black "chessnow"]
[Result "1/2-1/2"]
[WhiteElo "1586"]
[BlackElo "1842"]
[Opening "Scotch gambit: Dubois-Réti defense"]
[ECO "C55"]
[Time "19:00:51"]
[TimeControl "2700+45"]

1. e4 e5 2. Nf3 Nc6 3. d4 exd4 4. Bc4 Nf6 5. e5 d5 6. Bb5 Ne4 7. Nxd4 Bd7 8.
Bxc6 Bxc6 9. Nxc6 bxc6 10. O-O Bc5 11. Nd2 Nxd2 12. Bxd2 O-O 13. Kh1 Re8 14. f4
Rb8 15. Rb1 Qh4 16. Qf3 Re6 17. Be1 Qe7 18. Bf2 Bb6 19. Qc3 Rh6 20. Bg3 Re8 21.
Rbe1 Qc5 22. Qxc5 Bxc5 23. Bf2 Bb6 24. Bg3 Bc5 25. Bf2 Bb6 26. Bg3 Bc5 {Game
drawn by repetition} 1/2-1/2

[Event "Team 45 45 League T64"]
[Site "Internet Chess Club"]
[Date "2015.04.02"]
[Round "5"]
[White "tornado100"]
[Black "bradleyguo175"]
[Result "1/2-1/2"]
[WhiteElo "1720"]
[BlackElo "1720"]
[Opening "Sicilian: dragon, 6.Be3"]
[ECO "B76"]
[Time "16:30:08"]
[TimeControl "2700+45"]

1. e4 c5 2. Nf3 d6 3. d4 cxd4 4. Nxd4 Nf6 5. Nc3 g6 6. Be3 Bg7 7. Qd2 O-O 8. f3
Nc6 9. g4 Bd7 10. h4 h5 11. g5 Ne8 12. Bc4 Rc8 13. Bb3 Ne5 14. O-O-O Nc4 15.
Bxc4 Rxc4 16. f4 Bg4 17. Rde1 d5 18. e5 Qd7 19. Qg2 e6 20. Rhg1 Bh8 21. Qf2 a6
22. Rxg4 hxg4 23. Qg3 Ng7 24. Qxg4 Nh5 25. Nce2 Rfc8 26. Ng3 Nxg3 27. Qxg3 Qc7
28. Re2 Kf8 29. h5 gxh5 30. Qh4 Bg7 31. Qxh5 {Game drawn by mutual agreement}
1/2-1/2

[Event "Team 45 45 League T64"]
[Site "Internet Chess Club"]
[Date "2015.04.03"]
[Round "5"]
[White "cloak1"]
[Black "bluesun"]
[Result "0-1"]
[WhiteElo "1494"]
[BlackElo "1527"]
[Opening "Evans gambit declined"]
[ECO "C51"]
[Time "20:01:42"]
[TimeControl "2700+45"]

1. e4 e5 2. Bc4 Nc6 3. Nf3 Bc5 4. b4 Bb6 5. O-O Nf6 6. d3 h6 7. c3 d6 8. a4 a5
9. b5 Ne7 10. Qb3 O-O 11. Na3 c6 12. Nc2 d5 13. exd5 cxd5 14. Nxe5 dxc4 15. Nxc4
Be6 16. Ba3 Re8 17. Rad1 Rc8 18. Rfe1 Ng4 19. Rxe6 fxe6 20. Nd6 Nd5 21. Nxc8
Qxc8 22. c4 Nxf2 23. Rf1 Nxd3+ 24. Kh1 Nf2+ 25. Rxf2 Bxf2 26. cxd5 Rd8 27. d6
Bc5 28. Bxc5 Qxc5 29. Qxe6+ Kh8 30. h3 Qxc2 31. d7 Qd1+ 32. Kh2 Qxd7 33. Qa2
Qc7+ 34. g3 Qc3 35. Qb1 Rd2+ 36. Kg1 Qxg3+ 37. Kf1 Qf2# {White checkmated} 0-1

[Event "Team 45 45 League T64"]
[Site "Internet Chess Club"]
[Date "2015.04.03"]
[Round "5"]
[White "wildcat2023"]
[Black "Bible-Believer"]
[Result "1-0"]
[WhiteElo "1422"]
[BlackElo "1512"]
[Opening "Trompowsky attack (Ruth, Opocenský opening)"]
[ECO "A45"]
[Time "18:03:46"]
[TimeControl "2700+45"]

1. d4 Nf6 2. Bg5 Ne4 3. h4 d5 4. f3 Ng3 5. Rh2 Qd6 6. e3 Qb4+ 7. Nc3 Qxb2 8. Na4
Qb4+ 9. c3 Qa5 10. Bd3 Bd7 11. Qb3 Bxa4 12. Qa3 e6 13. Qb2 Nd7 14. h5 Bd6 15.
Bf4 Bxf4 16. exf4 O-O 17. Rc1 c5 18. Rh3 Nf5 19. g4 Ne3 20. Qd2 cxd4 21. Bb1 Nc4
22. Qd3 f5 23. gxf5 exf5 24. Qxd4 Rae8+ 25. Ne2 Nf6 26. Kf2 Qb6 27. Qxb6 axb6
28. Nd4 Bd7 29. Bxf5 Bxf5 30. Nxf5 Re6 31. Rg1 Rf7 32. Nh6+ {Black resigns} 1-0

[Event "Team 45 45 League T64"]
[Site "Internet Chess Club"]
[Date "2015.04.05"]
[Round "5"]
[White "Schachteufel"]
[Black "ticopatzer"]
[Result "1-0"]
[WhiteElo "1741"]
[BlackElo "1722"]
[Opening "Pirc: Austrian attack, 6.e5"]
[ECO "B09"]
[Time "11:00:18"]
[TimeControl "2700+45"]

1. e4 d6 2. d4 Nf6 3. Nc3 g6 4. f4 Bg7 5. Nf3 O-O 6. e5 dxe5 7. fxe5 Nfd7 8. Bc4
c5 9. e6 Nb6 10. exf7+ Kh8 11. h4 Nxc4 12. h5 gxh5 13. Ng5 Bg4 14. Qxg4 Qb6 15.
dxc5 Qxc5 16. Qxh5 Qe5+ 17. Nce4 Qa5+ 18. Bd2 {Black resigns} 1-0

[Event "Team 45 45 League T64"]
[Site "Internet Chess Club"]
[Date "2015.04.03"]
[Round "5"]
[White "losscause"]
[Black "krysto"]
[Result "1/2-1/2"]
[WhiteElo "1601"]
[BlackElo "1617"]
[Opening "French: King's Indian attack"]
[ECO "C00"]
[Time "23:09:51"]
[TimeControl "2700+45"]

1. e4 e6 2. d3 d5 3. Nd2 Nf6 4. Ngf3 c5 5. Be2 Nc6 6. O-O Bd6 7. Re1 O-O 8. Bf1
Qc7 9. g3 a6 10. Bg2 b5 11. c3 Bb7 12. d4 cxd4 13. Nxd4 Nxd4 14. cxd4 dxe4 15.
Nxe4 Nxe4 16. Bxe4 Rfd8 17. Bd2 Bxe4 18. Rxe4 Qb7 19. Qe1 Bc7 20. Bf4 Bxf4 21.
Rxf4 Rd5 22. a3 Rad8 23. Qc3 e5 24. Re4 exd4 25. Qe1 g6 26. Re8+ Rxe8 27. Qxe8+
Kg7 28. Re1 Qd7 29. Qe4 d3 30. Rd1 Rd4 31. Qe5+ f6 32. Qe3 g5 33. Kf1 Rd6 34.
Kg1 d2 35. Kf1 Rd3 36. Qe2 Kg6 37. Qe4+ f5 38. Qe2 g4 39. Kg1 h5 40. Kf1 Kf6 41.
Kg1 a5 42. Kf1 Qd5 43. Kg1 Kf7 44. b3 Rxb3 45. Qxd2 Qxd2 46. Rxd2 Rb1+ 47. Kg2
b4 48. Rd5 Ke6 49. Rxa5 b3 50. Rb5 b2 51. a4 Kd6 52. a5 Kc6 53. Rb3 {Game drawn
by mutual agreement} 1/2-1/2

[Event "Team 45 45 League T64"]
[Site "Internet Chess Club"]
[Date "2015.04.03"]
[Round "5"]
[White "portis2"]
[Black "werty"]
[Result "1/2-1/2"]
[WhiteElo "1623"]
[BlackElo "1561"]
[Opening "English: Anglo-Dutch defense"]
[ECO "A10"]
[Time "14:30:40"]
[TimeControl "2700+45"]

1. c4 f5 2. Nc3 d6 3. g3 e5 4. Bg2 Nf6 5. d3 Be7 6. Nf3 O-O 7. O-O c6 8. e3 Qe8
9. b4 h6 10. Bb2 g5 11. Ne2 Qg6 12. Re1 h5 13. h4 Nh7 14. hxg5 Nxg5 15. Nh4 Qg7
16. Nf4 Qh6 17. Nfg6 Rf7 18. Nxe7+ Rxe7 19. d4 e4 20. d5 Nf7 21. Bh3 Ne5 22.
Bxe5 Rxe5 23. Rc1 a5 24. b5 c5 25. a4 Qg5 26. Kh2 Nd7 27. f4 exf3 28. Nxf3 Qf6
29. Nxe5 Nxe5 30. Qxh5 Nd3 31. Rf1 Nxc1 32. Rxc1 Qb2+ 33. Bg2 Qxc1 34. Qg6+ Kf8
35. Qf6+ Ke8 36. Qh8+ Ke7 37. Qg7+ Ke8 38. Qg8+ {Game drawn by mutual agreement}
1/2-1/2

[Event "Team 45 45 League T64"]
[Site "Internet Chess Club"]
[Date "2015.04.01"]
[Round "5"]
[White "SeniorCitizen"]
[Black "Berke"]
[Result "0-1"]
[WhiteElo "1393"]
[BlackElo "1678"]
[Opening "French: advance, Euwe variation"]
[ECO "C02"]
[Time "15:00:13"]
[TimeControl "2700+45"]

1. e4 e6 2. d4 d5 3. e5 c5 4. Nf3 Nc6 5. c3 Bd7 6. Bd3 cxd4 7. cxd4 Nge7 8. O-O
Nb4 9. Re1 Nxd3 10. Qxd3 Qb6 11. Nc3 Nf5 12. Qd2 Be7 13. a3 O-O 14. b4 Rac8 15.
Bb2 Rc4 16. Ne2 Rfc8 17. Rac1 Bb5 18. Rxc4 Rxc4 19. Rc1 Qc6 20. g4 Nh6 21. h3
Rxc1+ 22. Nxc1 Qc4 23. Nh2 f5 24. Qc3 fxg4 25. hxg4 Bg5 26. f3 Qxc3 {White
resigns} 0-1

[Event "Team 45 45 League T64"]
[Site "Internet Chess Club"]
[Date "2015.04.03"]
[Round "5"]
[White "ArturitoGalacti"]
[Black "Regista"]
[Result "1/2-1/2"]
[WhiteElo "2014"]
[BlackElo "2263"]
[Opening "English, Kramnik-Shirov counterattack"]
[ECO "A21"]
[Time "18:22:25"]
[TimeControl "2700+45"]

1. c4 e5 2. Nc3 Bb4 3. Nd5 Be7 4. d4 d6 5. Nf3 Nd7 6. e4 Ngf6 7. Bd3 exd4 8.
Nxd4 Nc5 9. O-O Nxd3 10. Qxd3 Nxd5 11. exd5 O-O 12. Bd2 Bf6 13. Bc3 Bg4 14. Nc2
c5 15. dxc6 bxc6 16. Ne3 Bxc3 17. Qxc3 Be6 18. Rfd1 Qc7 19. Rd2 Rfd8 20. Rad1
Rd7 21. h3 Rad8 22. b3 Qb6 23. Nc2 Qc5 24. Qb4 Qe5 25. Re1 {Game drawn by mutual
agreement} 1/2-1/2

[Event "Team 45 45 League T64"]
[Site "Internet Chess Club"]
[Date "2015.04.04"]
[Round "5"]
[White "Baseta"]
[Black "SlimeDog2"]
[Result "0-1"]
[WhiteElo "1842"]
[BlackElo "2010"]
[Opening "King's Indian: 3.g3"]
[ECO "E60"]
[Time "14:03:23"]
[TimeControl "2700+45"]

1. d4 Nf6 2. c4 g6 3. g3 c6 4. Bg2 d5 5. Qb3 Qb6 6. Nf3 Bg7 7. Nc3 O-O 8. Qxb6
axb6 9. cxd5 cxd5 10. Bg5 Be6 11. O-O Nc6 12. Rfd1 Ne4 13. Nb5 Rfc8 14. Bf4 Ra4
15. a3 Bg4 16. e3 Na5 17. h3 Bd7 18. Nc7 Bc6 19. g4 Nb3 20. Rab1 e5 21. Nxe5
Rxc7 22. Nc4 Re7 23. Nxb6 Ra6 24. Nc8 Re6 25. f3 Ned2 {White resigns} 0-1

[Event "Team 45 45 League T64"]
[Site "Internet Chess Club"]
[Date "2015.04.05"]
[Round "5"]
[White "Goli"]
[Black "kabindra"]
[Result "1-0"]
[WhiteElo "1752"]
[BlackElo "1779"]
[Opening "French: exchange variation"]
[ECO "C01"]
[Time "17:45:42"]
[TimeControl "2700+45"]

1. e4 e6 2. d4 d5 3. exd5 exd5 4. Bd3 c5 5. c3 Nf6 6. h3 c4 7. Bc2 Bd6 8. Nf3
Nc6 9. O-O O-O 10. Bg5 Be7 11. Re1 Ne4 12. Bxe7 Qxe7 13. Nfd2 Qg5 14. Nxe4 dxe4
15. Bxe4 Bxh3 16. Qf3 Bd7 17. Na3 Rac8 18. Qe3 Qxe3 19. Rxe3 Na5 20. Rae1 b5 21.
Nc2 Nc6 22. d5 Nd8 23. Nd4 a6 24. Bf5 Bxf5 25. Nxf5 Kh8 26. Nd6 Rb8 27. Re8 Nb7
28. Rxf8+ Rxf8 29. Nxb7 g6 30. d6 Rb8 {Black resigns} 1-0

[Event "Team 45 45 League T64"]
[Site "Internet Chess Club"]
[Date "2015.04.05"]
[Round "5"]
[White "CaptK"]
[Black "Portola"]
[Result "1-0"]
[WhiteElo "1779"]
[BlackElo "1707"]
[Opening "QGD: classical variation (5.Bf4)"]
[ECO "D37"]
[Time "19:11:12"]
[TimeControl "2700+45"]

1. d4 d5 2. Nf3 Nf6 3. c4 e6 4. Nc3 Be7 5. Bf4 c6 6. e3 O-O 7. Bd3 Nbd7 8. O-O
b6 9. Rc1 Bb7 10. cxd5 exd5 11. Qe2 Re8 12. Ba6 Qc8 13. Bxb7 Qxb7 14. Rc2 a6 15.
Rfc1 Rac8 16. Qd3 Bf8 17. Ne5 Nxe5 18. Bxe5 Ng4 19. Bf4 Nf6 20. Qf5 Re6 21. Bg5
Rce8 22. Bf4 b5 23. Nb1 Qb6 24. Nd2 g6 25. Qh3 Nh5 26. Be5 f6 27. Bg3 Ng7 28.
Qg4 f5 29. Qf3 Nh5 30. Be5 Nf6 31. h3 Ne4 32. Nb3 a5 33. Qe2 a4 34. Nd2 Nxd2 35.
Qxd2 Bg7 36. Bxg7 Kxg7 37. Rc5 Rd6 38. Qc2 Ree6 39. b3 axb3 40. Qxb3 Qa6 41. Qc2
h5 42. Kh2 Kf6 43. g3 Qa8 44. Kg2 Qa6 45. Kf3 Qa8 46. Rg1 Re4 47. Rc1 Ree6 48.
Qb3 Qa6 49. Ra1 Qa5 50. a4 Qa6 51. Ra2 bxa4 52. Rxa4 Qf1 53. h4 Qh1+ 54. Ke2 Qe4
55. f3 {Black resigns} 1-0

[Event "Team 45 45 League T64"]
[Site "Internet Chess Club"]
[Date "2015.04.06"]
[Round "5"]
[White "Intemperate"]
[Black "Jack-ONeill"]
[Result "1-0"]
[WhiteElo "1996"]
[BlackElo "2073"]
[Opening "QGD: classical variation (5.Bf4)"]
[ECO "D37"]
[Time "11:26:01"]
[TimeControl "2700+45"]

1. d4 d5 2. c4 e6 3. Nf3 Nf6 4. Nc3 Be7 5. Bf4 O-O 6. e3 Nbd7 7. c5 c6 8. Bd3 b6
9. b4 a5 10. a3 Ba6 11. Bxa6 Rxa6 12. b5 cxb5 13. c6 Qc8 14. c7 b4 15. Nb5 Ne4
16. O-O Nc3 17. Nxc3 bxc3 18. Qd3 a4 19. Rfc1 Qb7 20. Qb5 Nf6 21. Rxc3 Rc8 22.
Rc6 Ne8 23. Ne1 Ra5 24. Qxb6 Rb5 25. Qxb7 Rxb7 26. Ra6 Nxc7 27. Rc6 g5 28. Bg3
Kf8 29. Nd3 Ke8 30. Nc5 Bxc5 31. Rxc5 Kd7 32. Rac1 f6 33. Rc6 Kd8 34. Kf1 h5 35.
h3 Kd7 36. Ke1 Kd8 37. Kd1 Kd7 38. R1c2 h4 39. Bh2 Ra7 40. R2c5 Rb7 41. Kc2 Kd8
42. Bxc7+ Rcxc7 43. Rxc7 Rxc7 44. Rxc7 Kxc7 45. Kc3 e5 46. Kb4 Kb6 47. dxe5 fxe5
48. f3 Kc6 49. Kxa4 Kc5 50. Kb3 Kb5 51. a4+ Kc5 52. Kc3 {Black resigns} 1-0

[Event "Team 45 45 League T64"]
[Site "Internet Chess Club"]
[Date "2015.04.06"]
[Round "5"]
[White "Ptzz"]
[Black "gtmorton"]
[Result "1-0"]
[WhiteElo "2078"]
[BlackElo "1964"]
[Opening "QGD: Charousek (Petrosian) variation"]
[ECO "D31"]
[Time "11:00:16"]
[TimeControl "2700+45"]

1. d4 d5 2. c4 e6 3. Nc3 Be7 4. cxd5 exd5 5. Bf4 c6 6. e3 Bf5 7. g4 Be6 8. h3
Nf6 9. Bd3 Qa5 10. Qb3 b5 11. Nf3 Ne4 12. Nd2 Nxd2 13. Kxd2 Nd7 14. a3 a6 15.
Qc2 c5 16. dxc5 b4 17. axb4 Qxb4 18. Bxa6 d4 19. Bd3 dxc3+ 20. bxc3 Qb7 21. Rhb1
Qc6 22. Bb5 Qd5+ 23. Qd3 Qxd3+ 24. Kxd3 O-O 25. c6 Nc5+ 26. Ke2 Ne4 27. Be5 Nd6
28. Bxd6 Bxd6 29. Ba6 Rfb8 30. Bb7 Rxa1 31. Rxa1 Kf8 32. f4 Ke7 33. Rd1 f5 34.
Kf3 Rf8 35. g5 g6 36. h4 Rd8 37. Rd4 Bc7 38. Ke2 Bd5 39. Ra4 Kd6 40. c4 Bxc6 41.
Ra6 Rb8 42. c5+ Ke7 43. Bxc6 Rb2+ 44. Kf3 Rc2 45. Ra7 Kd8 46. Ra8+ Ke7 47. Re8+
Kf7 48. Rh8 Kg7 49. Rc8 Ba5 50. Bd5 h6 51. c6 Be1 52. e4 fxe4+ 53. Kxe4 Re2+ 54.
Kd4 Bf2+ 55. Kd3 Re7 56. Rg8+ Kh7 57. Rb8 Ba7 58. Rd8 hxg5 59. hxg5 Bb6 60. Rf8
Kg7 61. Rf6 Re3+ 62. Kd2 Re7 63. Kd3 Re3+ 64. Kc4 Re7 65. Kb5 Bc7 66. Bc4 Kh7
67. Bd3 Kg7 68. Rxg6+ Kf8 69. Rf6+ Rf7 70. Rxf7+ Kxf7 71. f5 Kg7 72. Ka6 Kf7 73.
Kb7 Bf4 74. c7 Bxc7 75. Kxc7 Ke7 76. Bc4 Kf8 77. Kd7 Kg7 78. Ke7 Kh8 79. f6 Kh7
80. Bd3+ Kg8 81. f7+ {Black resigns} 1-0

[Event "Team 45 45 League T64"]
[Site "Internet Chess Club"]
[Date "2015.04.03"]
[Round "5"]
[White "Gilligan"]
[Black "Holgate"]
[Result "1-0"]
[WhiteElo "1981"]
[BlackElo "2021"]
[Opening "English opening"]
[ECO "A10"]
[Time "15:00:54"]
[TimeControl "2700+45"]

1. c4 g6 2. g3 Bg7 3. Bg2 Nf6 4. Nc3 O-O 5. e4 d6 6. Nge2 c5 7. O-O Nc6 8. d3 a6
9. Rb1 Rb8 10. a3 b5 11. cxb5 axb5 12. b4 cxb4 13. axb4 e5 14. Nd5 Bg4 15. Be3
Nxd5 16. exd5 Nd4 17. Bxd4 exd4 18. h3 Bxe2 19. Qxe2 Re8 20. Qd2 Rc8 21. Ra1 Rc3
22. Ra6 Qc8 23. Rc6 Qf5 24. Re1 Rxe1+ 25. Qxe1 Qe5 26. Qxe5 dxe5 27. d6 Kf8 28.
Rb6 Ke8 29. Bc6+ {Black resigns} 1-0

[Event "Team 45 45 League T64"]
[Site "Internet Chess Club"]
[Date "2015.04.05"]
[Round "5"]
[White "Tobiasdelmonte"]
[Black "Greedy-Reedy"]
[Result "0-1"]
[WhiteElo "1788"]
[BlackElo "1946"]
[Opening "Queen's pawn: London system"]
[ECO "A45"]
[Time "13:15:01"]
[TimeControl "2700+45"]

1. d4 Nf6 2. Bf4 d6 3. e3 g6 4. Nf3 Bg7 5. h3 Nbd7 6. Be2 b6 7. O-O Bb7 8. c4
O-O 9. Nc3 Re8 10. Re1 h6 11. a4 e5 12. Bh2 a5 13. Nb5 e4 14. Nd2 Re7 15. Qb1
Ne8 16. b4 axb4 17. Qxb4 c5 18. Qb1 cxd4 19. exd4 Bc6 20. Nxd6 Bxd4 21. Ra2 e3
22. fxe3 Rxe3 23. Kh1 Nxd6 24. Bxd6 Rxh3+ 25. Bh2 Rxh2+ {White resigns} 0-1

[Event "Team 45 45 League T64"]
[Site "Internet Chess Club"]
[Date "2015.04.05"]
[Round "5"]
[White "TerryMalloy"]
[Black "ForkNPin"]
[Result "1/2-1/2"]
[WhiteElo "1961"]
[BlackElo "1741"]
[Opening "two knights: Max Lange attack, Marshall variation"]
[ECO "C55"]
[Time "15:05:14"]
[TimeControl "2700+45"]

1. e4 e5 2. Nf3 Nc6 3. Bc4 Nf6 4. O-O Bc5 5. d4 exd4 6. e5 d5 7. exf6 dxc4 8.
Re1+ Be6 9. Ng5 Qd5 10. Nc3 Qf5 11. Nce4 O-O-O 12. g4 Qe5 13. Nxe6 fxe6 14. fxg7
Rhg8 15. Bh6 d3 16. c3 {Game drawn by mutual agreement} 1/2-1/2

[Event "Team 45 45 League T64"]
[Site "Internet Chess Club"]
[Date "2015.04.04"]
[Round "5"]
[White "KnightOfLight"]
[Black "CaptK"]
[Result "1-0"]
[WhiteElo "1799"]
[BlackElo "1767"]
[Opening "King's Indian: Four pawns attack, dynamic line"]
[ECO "E76"]
[Time "08:00:34"]
[TimeControl "2700+45"]

1. d4 Nf6 2. c4 g6 3. Nc3 Bg7 4. e4 d6 5. f4 c5 6. d5 O-O 7. Nf3 Nbd7 8. Bd3 a6
9. O-O Qc7 10. Kh1 Rb8 11. a4 e6 12. dxe6 fxe6 13. Ng5 Nb6 14. a5 Na8 15. e5
dxe5 16. fxe5 Ne8 17. Rxf8+ Bxf8 18. Qf3 b6 19. Be3 bxa5 20. Rf1 Bh6 21. Nxe6
Bxe6 22. Bxh6 Ng7 23. Qf6 Nf5 24. Qxe6+ Qf7 25. Qxf7+ Kxf7 26. g4 Ke6 27. gxf5+
gxf5 28. Bxf5+ Kxe5 29. Bf4+ Kxf5 30. Bxb8+ {Black resigns} 1-0

[Event "Team 45 45 League T64"]
[Site "Internet Chess Club"]
[Date "2015.04.04"]
[Round "5"]
[White "losscause"]
[Black "moto"]
[Result "1-0"]
[WhiteElo "1607"]
[BlackElo "1344"]
[Opening "Queen's pawn: London system"]
[ECO "A45"]
[Time "15:00:50"]
[TimeControl "2700+45"]

1. d4 Nf6 2. Bf4 d5 3. e3 Bg4 4. Be2 Bxe2 5. Nxe2 e6 6. O-O Bd6 7. Nd2 Nc6 8. c4
Bxf4 9. Nxf4 dxc4 10. Nxc4 O-O 11. Rc1 Re8 12. h3 Nd5 13. Nd3 Ndb4 14. Nxb4 Nxb4
15. Qb3 Nd5 16. Qxb7 Qb8 17. Qxb8 Raxb8 18. g4 Nb4 19. a3 Nd5 20. f4 Nb6 21.
Nxb6 axb6 22. Rxc7 Kf8 23. Rfc1 {Black resigns} 1-0

[Event "Team 45 45 League T64"]
[Site "Internet Chess Club"]
[Date "2015.04.02"]
[Round "5"]
[White "Greedy-Reedy"]
[Black "nilobasenji"]
[Result "0-1"]
[WhiteElo "1927"]
[BlackElo "1781"]
[Opening "Colle system"]
[ECO "D05"]
[Time "12:00:19"]
[TimeControl "2700+45"]

1. d4 d5 2. Nf3 Nf6 3. e3 e6 4. Bd3 c5 5. c3 b6 6. O-O Be7 7. Nbd2 O-O 8. Ne5
Bb7 9. f4 Ne4 10. f5 exf5 11. Rxf5 Nd7 12. Bxe4 dxe4 13. Nxd7 Qxd7 14. Qf1 Ba6
15. Qf4 g6 16. Re5 f5 17. b3 Bd6 18. Ba3 Rae8 19. Rd5 Bxf4 20. Rxd7 Bxe3+ 21.
Kh1 Bxd2 22. dxc5 e3 23. cxb6 e2 24. h4 e1=Q+ 25. Rxe1 Rxe1+ 26. Kh2 Bf4+ 27. g3
Re2+ 28. Kg1 Be3+ 29. Kh1 Bb5 30. Rd6 axb6 31. c4 Ra8 32. Bc1 Bxc1 33. cxb5
Raxa2 34. h5 Rh2+ 35. Kg1 Be3+ 36. Kf1 Rh1# {White checkmated} 0-1